 Dungeon Crawl Stone Soup version 0.25-a0-719-gde951dce62 (webtiles) character file.

Game seed: 2177906309494600394, levelgen mode: deterministic

5555 Amnesiac the Thaumaturge (level 10, -5/60 HPs)
             Began as a Deep Elf Wizard on Apr 7, 2020.
             Was an Elder of Vehumet.
             Slain by a skeletal warrior
             ... wielding a +0 trident
              (15 damage)
             ... on level 7 of the Dungeon.
             The game lasted 00:27:36 (11276 turns).

Amnesiac the Thaumaturge (Deep Elf Wizard)         Turns: 11276, Time: 00:27:37

Health: -5/60      AC:  6    Str:  4    XL:     10   Next: 44%
Magic:  23/30      EV: 18    Int: 27    God:    Vehumet [****..]
Gold:   558        SH:  0    Dex: 13    Spells: 18/37 levels left

rFire    . . .     SeeInvis .   b - +2 halberd (holy)
rCold    . . .     Gourm    .   (shield currently unavailable)
rNeg     . . .     Faith    .   i - +0 robe
rPois    +         Spirit   .   I - +2 hat {MR+}
rElec    .         Reflect  .   v - +0 cloak
rCorr    .         Harm     .   k - +0 pair of gloves
MR       ++...                  (no boots)
Stlth    +++.......             (no amulet)
HPRegen  0.20/turn              E - ring of poison resistance
MPRegen  0.22/turn              o - ring of stealth

@: no status effects
A: no striking features
a: Renounce Religion


You were on level 7 of the Dungeon.
You worshipped Vehumet.
Vehumet was greatly pleased with you.
You were not hungry.

You visited 2 branches of the dungeon, and saw 9 of its levels.
You also visited: Ossuary.

You collected 558 gold pieces.

Inventory:

Hand Weapons
 a - a +0 hunting sling
 b - a +2 halberd of holy wrath (weapon)
 g - a +1 dagger of draining
 A - a +0 long sword
 D - a +2 flail of protection
Missiles
 j - 156 stones (quivered)
 m - 28 poisoned darts
 B - 56 sling bullets
Armour
 i - a +0 robe (worn)
 k - a +0 pair of gloves (worn)
 v - a +0 cloak (worn)
 I - a +2 hat of magic resistance (worn)
Jewellery
 e - an uncursed ring of fire
 o - a ring of stealth (right hand)
 E - a ring of poison resistance (left hand)
 F - an uncursed ring of fire
Wands
 H - a wand of disintegration (22)
Scrolls
 c - 4 scrolls of teleportation {!r}
 d - 4 scrolls of enchant armour {!r}
 l - a scroll of magic mapping {!r}
 n - a scroll of blinking {!r}
 w - 2 scrolls of fog {!r}
 y - 4 scrolls of enchant weapon {!r}
 G - 3 scrolls of remove curse {!r}
Potions
 f - a potion of heal wounds {!q}
 p - 3 potions of curing {!q}
 q - 3 potions of magic {!q}
 r - 5 potions of might {!q}
 t - a potion of invisibility {!q}
 u - a potion of mutation {!q}
 x - a potion of ambrosia {!q}
Comestibles
 s - 2 chunks of flesh
 z - 18 rations


   Skills:
 + Level 6.1 Fighting
 + Level 10.2 Dodging
 - Level 2.4 Stealth
 + Level 14.2 Spellcasting
 - Level 1.1 Conjurations
 - Level 1.1 Summonings
 - Level 1.1 Translocations


You had 18 spell levels left.
You knew the following spells:

 Your Spells              Type           Power        Failure   Level  Hunger
a - Olgreb's Toxic Radia  Pois           ###.....     8%          4    None
b - Call Imp              Summ           ####....     2%          2    None
c - Irradiate             Conj/Tmut      ###.......   16%         5    #......
e - Mephitic Cloud        Conj/Pois/Air  ###.....     1%          3    None
s - Conjure Flame         Conj/Fire      ###.....     1%          3    None
v - Blink                 Tloc           N/A          2%          2    None

Your spell library contained the following spells:

 Spells                   Type           Power        Failure   Level  Hunger
 Apportation              Tloc           ####..       1%          1    None
 Magic Dart               Conj           ####         1%          1    None
 Summon Small Mammal      Summ           ####         1%          1    None
 Animate Skeleton         Necr           N/A          2%          1    None
 Corona                   Hex            ###....      2%          1    None
 Slow                     Hex            ###.....     4%          2    None


Dungeon Overview and Level Annotations

Branches:
Dungeon (8/15)             Temple (1/1) D:4         Ossuary (visited)
   Lair: D:8-11

Altars:
Elyvilon
Gozag
Hepliaklqana
Nemelex Xobeh
Ru
Sif Muna
Uskayaw
Vehumet
The Shining One

Annotations:
D:7 exclusions: downstairs and 1 more exclusion


Message History

The gargoyle resists with some effort.
Evoke which item? (* to show all) (? for menu, Esc to quit)
Aiming: Disintegrate
Press: ? - help, Shift-Dir - straight line, f/p - gargoyle
Aim: a gargoyle, wielding a +0 flail (severely damaged, chance to defeat MR: 48%)
The gargoyle is blasted!!
You blow up the gargoyle!
Vehumet accepts your kill.
Things that are here:
a +2 vorpal morningstar; a +0 leather armour The skeletal warrior hits you with a +0 trident.
There is a stone staircase leading up here.
The skeletal warrior closely misses you.
You climb upwards.
Level annotation: exclusions: downstairs and 1 more exclusion
There is a stone staircase leading down here.
The skeletal warrior completely misses you.
The skeletal warrior hits you from afar with a +0 trident!
Casting: Conjure Flame (safe; 1% risk of failure)
Confirm with . or Enter, or press ? or * to list all spells.
The fire begins to smolder!
The skeletal warrior barely misses you.
The fire ignites!
There is a stone staircase leading up here.
Casting: Conjure Flame (safe; 1% risk of failure)
Confirm with . or Enter, or press ? or * to list all spells.
A beastly little devil appears in a puff of frigid air.
Casting: Call Imp (safe; 2% risk of failure)
Confirm with . or Enter, or press ? or * to list all spells.
A beastly little devil appears in a puff of flame.
Casting: Call Imp (safe; 2% risk of failure)
Confirm with . or Enter, or press ? or * to list all spells.
A beastly little devil appears in a puff of flame.
Attack whom?
Press: ? - help, Dir - move target cursor, f - skeletal warrior
Aim: a skeletal warrior, wielding a +0 trident (flame)
You could not reach far enough!
The skeletal warrior is engulfed in blazing flames.
The skeletal warrior hits you from afar with a +0 trident.
The skeletal warrior is engulfed in blazing flames.
The skeletal warrior hits you from afar with a +0 trident!
Attack whom?
Press: ? - help, Dir - move target cursor, f/p - skeletal warrior
Aim: a skeletal warrior, wielding a +0 trident (flame, moderately damaged)
You reach to attack!
You hit the skeletal warrior.
The skeletal warrior convulses!
The skeletal warrior is heavily damaged.
The skeletal warrior is engulfed in blazing flames.
The skeletal warrior closely misses you.
Attack whom?
Press: ? - help, Dir - move target cursor, f/p - skeletal warrior
Aim: a skeletal warrior, wielding a +0 trident (flame, heavily damaged)
You could not reach far enough!
The skeletal warrior is engulfed in blazing flames.
The skeletal warrior hits you from afar with a +0 trident!
The skeletal warrior is engulfed in blazing flames.
The skeletal warrior hits you from afar with a +0 trident!!
* * * LOW HITPOINT WARNING * * *
Attack whom?
Press: ? - help, Dir - move target cursor, f/p - skeletal warrior
Aim: a skeletal warrior, wielding a +0 trident (flame, severely damaged)
You could not reach far enough!
The skeletal warrior is engulfed in blazing flames.
The skeletal warrior hits you from afar with a +0 trident!
You die...

#≈≈≈## #≈≈≈# ###≈≈≈≈
####################≈≈≈≈≈≈
#...................≈≈≈≈≈≈
#.....................≈≈≈≈
#........)..............≈≈
#......5.....[...........≈
##.##..55@.[....#.........
#....#z#######.#.######..
####.#.# #.#.# #.# #.#.#
#.#.# #.# #)#.# #.#.# #.#
#.#.### ##.#.######.#
#.#...# #...........#
#.###.# #.>#..#.#.### #.#
#.# #..##.#.#.#


You could see a skeletal warrior, 2 friendly crimson imps and a friendly white
imp.

Vanquished Creatures
  Pikel (D:7)
  A gargoyle (D:8)
  Joseph (D:8)
  A hornet (D:8)
  2 hippogriffs (D:8)
  2 hungry ghosts
  Edmund (D:5)
  Duvessa (D:7)
  4 slaves (D:7)
  2 orc warriors
  An ice beast (D:7)
  3 centaurs
  A black bear (D:8)
  6 ogres
  A big kobold (D:6)
  Blork the orc (D:5)
  A gnoll sergeant (D:5)
  3 bullfrogs
  A wyvern skeleton (D:6)
  2 scorpions (D:7)
  Dowan (D:7)
  A wight (D:8)
  6 killer bees (D:7)
  2 electric eels (D:7)
  A bullfrog zombie (D:5)
  3 crimson imps
  3 hounds
  A jelly (D:8)
  Crazy Yiuf (D:7)
  6 orc priests
  A gnoll shaman (D:8)
  A centaur skeleton (D:8)
  Jessica (D:3)
  A bullfrog skeleton (D:8)
  An iguana (D:8)
  Natasha (D:3)
  5 orc wizards
  5 worker ants
  2 big kobold zombies (Ossuary)
  2 hound skeletons
  9 gnolls
  7 adders
  A shadow imp (D:6)
  3 adder zombies
  An adder skeleton (D:8)
  A worm (D:3)
  3 dart slugs
  4 leopard geckos
  24 orcs
  6 bats
  13 giant cockroaches
  6 gnoll zombies (Ossuary)
  7 goblins
  6 hobgoblins
  11 jackals
  13 kobolds
  3 quokkas
  A ball python (D:1)
  5 frilled lizards
  7 hobgoblin zombies (Ossuary)
  2 kobold zombies (Ossuary)
  2 leopard gecko zombies
  3 orc zombies (Ossuary)
  3 rats
222 creatures vanquished.

Vanquished Creatures (collateral kills)
  Eustachio (D:5)
  A scorpion (D:6)
  2 orc priests (D:4)
  2 orc wizards (D:4)
  A centaur skeleton (D:5)
  A worker ant (D:4)
  3 big kobold zombies (Ossuary)
  2 mummies (Ossuary)
  4 gnolls
  An adder zombie (Ossuary)
  A dart slug (D:4)
  An orc (D:4)
  A giant cockroach (D:4)
  A rat (D:2)
22 creatures vanquished.

Vanquished Creatures (others)
  A gnoll zombie (Ossuary)
1 creature vanquished.

Grand Total: 245 creatures vanquished

Notes
Turn   | Place    | Note
-------+----------+-------------------------------------------
     0 | D:1      | Amnesiac the Deep Elf Wizard began the quest for the Orb.
     0 | D:1      | Reached XP level 1. HP: 10/10 MP: 7/7
   267 | D:1      | Reached skill level 5 in Spellcasting
   284 | D:3      | Reached XP level 2. HP: 15/15 MP: 0/10
   288 | D:3      | Learned a level 2 spell: Blink
   291 | D:3      | Learned a level 2 spell: Call Imp
   710 | D:4      | Found a sacrificial altar of Ru.
   790 | D:4      | Reached skill level 6 in Spellcasting
   790 | D:4      | Reached XP level 3. HP: 11/19 MP: 3/12
   795 | D:4      | Learned a level 3 spell: Conjure Flame
   799 | D:4      | Learned a level 3 spell: Mephitic Cloud
   812 | D:4      | Found a staircase to the Ecumenical Temple.
   819 | D:12     | Identified a paperback manual
   819 | Temple   | Entered the Ecumenical Temple
   830 | Temple   | Became a worshipper of Vehumet
   910 | D:4      | Found a sand-covered staircase.
   917 | Ossuary  | Entered an ossuary
  1300 | Ossuary  | Reached XP level 4. HP: 5/24 MP: 2/14
  1521 | Ossuary  | HP: 1/24 [adder zombie (1)]
  1815 | Ossuary  | Reached skill level 7 in Spellcasting
  3042 | Ossuary  | Reached XP level 5. HP: 8/28 MP: 10/17
  3103 | D:4      | Reached skill level 8 in Spellcasting
  3212 | D:2      | Reached * piety under Vehumet
  3212 | D:2      | Offered knowledge of Foxfire by Vehumet.
  3687 | D:1      | You fall into a shaft and drop 1 floor!
  4411 | D:2      | Reached skill level 9 in Spellcasting
  4465 | D:2      | Reached XP level 6. HP: 32/32 MP: 16/20
  4530 | D:2      | Found a hide-covered altar of Uskayaw.
  4714 | D:3      | Noticed Jessica
  4717 | D:3      | Killed Jessica
  4726 | D:3      | Found a shimmering blue altar of Sif Muna.
  5071 | D:3      | Found an opulent altar of Gozag.
  5081 | D:3      | Reached ** piety under Vehumet
  5081 | D:3      | Offered knowledge of Sandblast by Vehumet.
  5180 | D:3      | Noticed Natasha
  5192 | D:3      | Killed Natasha
  5359 | D:4      | Reached skill level 1 in Fighting
  5711 | D:4      | Reached XP level 7. HP: 35/40 MP: 15/22
  5744 | D:4      | Reached skill level 10 in Spellcasting
  6077 | D:5      | Entered Level 5 of the Dungeon
  6146 | D:5      | Noticed Edmund
  6157 | D:5      | Killed Edmund
  6211 | D:5      | Noticed a hungry ghost
  6324 | D:5      | Killed a hungry ghost
  6324 | D:5      | Offered knowledge of Static Discharge by Vehumet.
  6324 | D:5      | Reached skill level 11 in Spellcasting
  6420 | D:5      | Reached XP level 8. HP: 10/46 MP: 1/25
  6495 | D:5      | Noticed Eustachio
  6676 | D:5      | Killed Eustachio
  6739 | D:5      | Found a glowing golden altar of the Shining One.
  6902 | D:5      | Noticed Blork the orc
  6912 | D:5      | Killed Blork the orc
  6928 | D:5      | Reached skill level 12 in Spellcasting
  7182 | D:5      | Reached *** piety under Vehumet
  7419 | D:6      | Reached skill level 5 in Dodging
  7607 | D:6      | Reached skill level 13 in Spellcasting
  7866 | D:6      | Reached XP level 9. HP: 43/51 MP: 23/28
  7873 | D:6      | Offered knowledge of Olgreb's Toxic Radiance by Vehumet.
  7879 | D:6      | Learned a level 4 spell: Olgreb's Toxic Radiance
  8056 | D:6      | Found a hazy altar of Hepliaklqana.
  8245 | D:6      | Found a sparkling altar of Nemelex Xobeh.
  8245 | D:6      | Found a white marble altar of Elyvilon.
  8729 | D:7      | Noticed Pikel
  8743 | D:7      | Killed Pikel
  8828 | D:7      | Reached **** piety under Vehumet
  9066 | D:7      | Noticed Dowan
  9072 | D:7      | Killed Dowan
  9341 | D:7      | Reached skill level 5 in Fighting
  9591 | D:7      | Noticed Duvessa
  9616 | D:7      | Killed Duvessa
  9616 | D:7      | Offered knowledge of Inner Flame by Vehumet.
 10036 | D:7      | Found a runed translucent door.
 10037 | D:7      | Noticed Crazy Yiuf
 10174 | D:7      | Killed Crazy Yiuf
 10259 | D:8      | Reached XP level 10. HP: 53/59 MP: 20/29
 10565 | D:8      | Noticed Joseph
 10688 | D:8      | Killed Joseph
 10804 | D:8      | Reached skill level 14 in Spellcasting
 10885 | D:8      | Reached ***** piety under Vehumet
 10885 | D:8      | Offered knowledge of Irradiate by Vehumet.
 10892 | D:8      | Learned a level 5 spell: Irradiate
 11059 | D:8      | Reached skill level 10 in Dodging
 11188 | D:8      | Noticed a skeletal warrior
 11188 | D:8      | Noticed a gargoyle
 11221 | D:8      | Killed a gargoyle
 11276 | D:7      | Slain by a skeletal warrior

Levels and vault maps discovered:
D:1:      dpeg_arrival_ternary, layout_basic
D:2:      layout_loops_ring, lemuel_doored_altar, minmay_small_reverse_x
D:3:      layout_loops_corners, lemuel_round_altar, tgw_sif, uniq_natasha
D:4:      layout_cave_pods, overflow_temple_1_default, temple_green,
          chequers_ossuary_entry_cave
D:5:      layout_loops_ring, lemuel_coloured_pillars_altar, first_ration,
          kennysheep_generic_room_8, uniq_eustachio, uniq_blork_the_orc,
          uniq_edmund
D:6:      layout_loops_ring, kennysheep_mini_moat,
          gammafunk_temple_overflow_pools
D:7:      statuecave_lemuel, layout_loops_ring, grunt_ogre_cave,
          hangedman_decor_opposing, hangedman_decor_riveting, uniq_duvessa,
          uniq_pikel, uniq_crazy_yiuf_cottage
D:8:      minmay_chambers_of_sevens, layout_cave_pools, minmay_misc_feat_five,
          uniq_joseph
Temple:   regret_index_temple_generic_petals

Skill      XL: |  1  2  3  4  5  6  7  8  9 10 |
---------------+-------------------------------+-----
Spellcasting   | 5 6 7 9 11 13 14 | 14.2
Fighting       | 2 3 5 6 |  6.1
Dodging        | 3 6 9 10 | 10.2
Stealth        | |  2.4
Conjurations   | |  1.1
Summonings     | |  1.1
Translocations | |  1.1

Action                   |  1- 3 |  4- 6 |  7- 9 | 10-12 || total
-------------------------+-------+-------+-------+-------++-------
Melee: Halberd           |       |       |   184 |    54 ||   238
 Fire: Hunting sling     |    48 |    51 |    19 |       ||   118
Throw: Stone             |       |       |     1 |       ||     1
 Cast: Magic Dart        |    31 |   217 |   118 |       ||   366
       Call Imp          |    14 |    29 |    11 |     7 ||    61
       Mephitic Cloud    |       |     2 |    38 |     2 ||    42
       Blink             |       |     4 |     1 |     2 ||     7
       Conjure Flame     |       |       |    15 |     7 ||    22
       Olgreb's Toxic Ra |       |       |    31 |    32 ||    63
Evoke: Wand              |       |       |       |     4 ||     4
  Use: Scroll            |     5 |     1 |     8 |     4 ||    18
       Potion            |       |       |     7 |     2 ||     9
 Stab: Sleeping          |       |       |     8 |     1 ||     9
       Confused          |       |       |    13 |     2 ||    15
  Eat: Ration            |     1 |     1 |       |       ||     2
       Chunk             |       |     8 |    12 |     5 ||    25
Armor: Robe              |     5 |    24 |    23 |    16 ||    68
       Skin              |       |       |       |     6 ||     6
Dodge: Dodged            |    18 |    67 |   133 |    47 ||   265

Table legend:
 A = Non-vault XP
 B = Vault XP
 C = Vault XP percentage of total XP
 D = Non-vault monster count
 E = Vault monster count
 F = Vault count percentage of total count
                 A         B        C        D         E       F
            +---------+---------+-------+---------+---------+-------
      Total |    5011 |    2926 |  36.9 |     189 |      50 |  20.9
            +---------+---------+-------+---------+---------+-------
        D:1 |      27 |       0 |   0.0 |      14 |       0 |   0.0
        D:2 |     126 |       9 |   6.7 |      23 |       4 |  14.8
        D:3 |      75 |      63 |  45.7 |      12 |       2 |  14.3
        D:4 |     563 |       0 |   0.0 |      25 |       0 |   0.0
        D:5 |     726 |     449 |  38.2 |      24 |       3 |  11.1
        D:6 |    1101 |       0 |   0.0 |      30 |       0 |   0.0
        D:7 |    1182 |     963 |  44.9 |      29 |       5 |  14.7
        D:8 |    1211 |    1293 |  51.6 |      32 |       9 |  22.0
    Ossuary |       0 |     149 | 100.0 |       0 |      27 | 100.0
            +---------+---------+-------+---------+---------+-------
